 Dungeon Crawl Stone Soup version 0.24-a0-232-g49d9ff80d8 (webtiles) character file.

Game seed: 13799124271892399872

9764 Roikka the Covert (level 11, 0/47 HPs)
             Began as a Spriggan Enchanter on Apr 4, 2019.
             Was the Champion of Okawaru.
             Killed by divine providence
             ... invoked by an orc priest
              (13 damage)
             ... on level 11 of the Dungeon.
             The game lasted 00:58:27 (12105 turns).

Roikka the Covert (Spriggan Enchanter)             Turns: 12105, Time: 00:58:28

Health: 0/47       AC:  7    Str:  7    XL:     11   Next: 27%
Magic:  12/21      EV: 26    Int: 16    God:    Okawaru [******]
Gold:   205        SH:  9    Dex: 18    Spells: 9/22 levels left

rFire    + + .     SeeInvis +   b - +2 scimitar (flame)
rCold    + + .     Gourm    .   J - +1 buckler {rC+}
rNeg     . . .     Faith    .   E - +2 robe {rC+ rF+}
rPois    .         Spirit   .   D - +2 hat
rElec    .         Reflect  .   L - +0 cloak
rCorr    .         Harm     .   (gloves unavailable)
MR       +....                  (boots unavailable)
Stlth    +++++.....             (no amulet)
HPRegen  0.15/turn              m - ring of flight
MPRegen  0.17/turn              q - ring of protection from fire

@: very quick
A: very small, unfitting armour, see invisible, herbivore, speed 3, slow
metabolism 2
a: Heroism, Finesse, Renounce Religion, Evoke Flight


You were on level 11 of the Dungeon.
You worshipped Okawaru.
Okawaru was exalted by your worship.
You were not hungry.

You visited 2 branches of the dungeon, and saw 12 of its levels.

You collected 794 gold pieces.
You spent 589 gold pieces at shops.

Inventory:

Hand Weapons
 a - the +8 dagger of Megalomania {holy, rPois}
   (You bought it in a shop on level 6 of the Dungeon)

   It has been blessed by the Shining One to cause great damage to the undead
   and demons.
   It protects you from poison.
 b - a +2 scimitar of flaming (weapon)
 g - a +3 dagger of protection
Missiles
 x - 4 throwing nets (quivered)
Armour
 h - a +3 buckler
 s - a +0 troll leather armour
 D - a +2 hat (worn)
 E - a +2 robe of resistance (worn)
 I - a +0 robe of magic resistance
 J - a +1 buckler of cold resistance (worn)
 L - a +0 cloak (worn)
Jewellery
 m - a ring of flight (left hand)
 q - a ring of protection from fire (right hand)
 K - an uncursed ring of resist corrosion
Wands
 c - a wand of disintegration (14)
 n - a wand of enslavement (10)
 p - a wand of flame (14)
 t - a wand of scattershot (4)
 y - a wand of random effects (28)
 C - a wand of iceblast (39)
Scrolls
 f - 2 scrolls of identify
 l - 5 scrolls of teleportation
 r - 3 scrolls of enchant armour
 v - a scroll of immolation
 w - 2 scrolls of magic mapping
 z - a scroll of fear
 A - a scroll of fog
 B - 2 scrolls of enchant weapon
 F - 3 scrolls of remove curse
 N - a scroll of blinking
Potions
 e - a potion of might
 i - 5 potions of mutation
 j - 3 potions of lignification
 k - a potion of resistance
 o - 5 potions of curing
 u - 3 potions of agility
 G - a potion of magic {unknown}
 H - a potion of heal wounds {unknown}
 M - 3 potions of flight {unknown}
Comestibles
 d - 15 rations


   Skills:
 - Level 10.0 Short Blades
 + Level 3.2 Armour
 - Level 10.0 Dodging
 - Level 12.0 Stealth
 * Level 5.8 Shields
 - Level 6.0 Spellcasting
 - Level 7.1 Hexes
 - Level 2.0 Ice Magic


You had 9 spell levels left.
You knew the following spells:

 Your Spells              Type           Power        Failure   Level  Hunger
a - Corona                Hex            ####...      1%          1    None
b - Ensorcelled Hibernat  Hex/Ice        ###...       3%          2    #......
c - Confuse               Hex            ####....     2%          3    ##.....
d - Tukima's Dance        Hex            ####....     2%          3    ##.....
e - Fulminant Prism       Conj/Hex       ###.......   34%         4    ####...

Your spell library contained the following spells:

 Spells                   Type           Power        Failure   Level  Hunger
 Dazzling Spray           Conj/Hex       ###...       11%         3    ##.....
 Magic Dart               Conj           #...         16%         1    None
 Searing Ray              Conj           #.....       22%         2    #......
 Force Lance              Conj/Tloc      #.......     83%         4    ####...
 Iskenderun's Mystic Bla  Conj           #.......     83%         4    ####...


Dungeon Overview and Level Annotations

Branches:
Dungeon (11/15)            Temple (1/1) D:6             Orc (0/2) D:10
   Lair: D:8-11

Altars:
Ashenzari
Cheibriados
Dithmenos
Elyvilon
Fedhas
Gozag
Hepliaklqana
Makhleb
Nemelex Xobeh
Okawaru
Qazlal
Ru
Trog
Uskayaw
Wu Jian
Yredelemnul
The Shining One

Shops:
D:6 [[(?(   D:9 =


Innate Abilities, Weirdness & Mutations

You are very small and have problems with some larger weapons.
You are too small for most types of armour.
You have supernaturally acute eyesight. (SInv)
You are a herbivore.
You cover ground extremely quickly.
You need to consume almost no food.


Message History

Press: ? - help, Shift-Dir - straight line, f/p - orc priest
Aim: an orc priest, wearing a +0 leather armour (chance to defeat MR: 50%)
The orc priest resists with some effort.
The orc warrior stops glowing.
The orc warrior hits you!
The orc priest calls down the wrath of Beogh upon you.
Beogh smites you!
Casting: Ensorcelled Hibernation (safe; 3% risk of failure)
Confirm with . or Enter, or press ? or * to list all spells.
Aiming: Ensorcelled Hibernation (safe; 3% risk of failure)
Press: ? - help, Shift-Dir - straight line, f/p - orc priest
Aim: an orc priest, wearing a +0 leather armour (chance to defeat MR: 50%)
The orc warrior resists with some effort.
You block the orc warrior's attack.
The orc hits your +0 hand axe with a +2 war axe of flaming.
The orc priest invokes the aid of Beogh against you.
Beogh smites you!
* * * LOW HITPOINT WARNING * * *
The orc priest calls down the wrath of Beogh upon you.
Beogh smites you!
You die...

##.....## ..#
#......##
######..# #..#
##.## #...###
##.....######
##......^....#
####...@.........
..#..............
#............###
#.....o..#####
#......###
##.....o###
#.........##
#......(...#
.........(..#


You could see an orc warrior, an orc priest and a friendly +0 hand axe.

Vanquished Creatures
  Harold (D:7)
  A hydra (D:9)
  Erica (D:8)
  3 two-headed ogres
  Maurice (D:10)
  A dancing weapon (D:10)
  A troll (D:8)
  A hippogriff (D:10)
  3 yaks (D:4)
  A hungry ghost (D:10)
  A water moccasin (D:8)
  An eye of draining (D:9)
  A sky beast (D:10)
  4 orc warriors (D:10)
  A black bear (D:9)
  2 ice beasts
  2 necrophages
  2 phantoms
  8 ogres
  2 centaurs (D:5)
  4 bullfrogs
  5 scorpions
  A wyvern skeleton (D:9)
  3 killer bees (D:9)
  7 wights
  2 howler monkeys (D:8)
  6 crimson imps
  A centaur zombie (D:9)
  6 hounds
  An orc priest (D:10)
  A human zombie (D:10)
  4 jellies
  A gnoll shaman (D:8)
  3 bullfrog skeletons (D:10)
  8 orc wizards
  2 centaur skeletons
  4 worker ants
  4 iguanas
  2 hound skeletons
  2 worker ant zombies
  8 gnolls
  6 adders
  2 shadow imps
  3 adder skeletons
  2 worms (D:4)
  3 dart slugs
  6 leopard geckos
  26 orcs
  7 giant cockroaches
  10 goblins
  6 hobgoblins
  13 jackals
  2 quokkas (D:4)
  3 ball pythons
  5 bats
  A frilled lizard (D:1)
  A jackal skeleton (D:6)
  A jackal zombie (D:10)
  6 kobolds
  A kobold skeleton (D:10)
  A leopard gecko skeleton (D:4)
  A leopard gecko zombie (D:9)
  6 rats
225 creatures vanquished.

Vanquished Creatures (collateral kills)
  A wight (D:6)
  3 orcs
4 creatures vanquished.

Vanquished Creatures (others)
  2 dancing weapons
2 creatures vanquished.

Grand Total: 231 creatures vanquished

Notes
Turn   | Place    | Note
-------+----------+-------------------------------------------
     0 | D:1      | Roikka the Spriggan Enchanter began the quest for the Orb.
     0 | D:1      | Reached XP level 1. HP: 9/9 MP: 5/5
   293 | D:1      | Reached XP level 2. HP: 12/13 MP: 2/6
   297 | D:1      | Learned a level 2 spell: Ensorcelled Hibernation
   571 | D:1      | Reached skill level 5 in Stealth
   943 | D:1      | Reached XP level 3. HP: 12/16 MP: 8/8
  1367 | D:2      | Found a sacrificial altar of Ru.
  2005 | D:2      | Learned a level 3 spell: Confuse
  2009 | D:2      | Found a sacrificial altar of Ru.
  2070 | D:2      | Reached skill level 1 in Ice Magic
  2070 | D:2      | Reached XP level 4. HP: 18/21 MP: 6/9
  2993 | D:3      | Reached skill level 6 in Stealth
  3495 | D:4      | Reached XP level 5. HP: 24/24 MP: 10/10
  3532 | D:4      | Found a white marble altar of Elyvilon.
  3613 | D:4      | Noticed an ogre
  3634 | D:4      | Killed an ogre
  3686 | D:4      | Learned a level 3 spell: Tukima's Dance
  4179 | D:4      | Noticed a yak
  4182 | D:4      | Noticed a yak
  4182 | D:4      | Noticed a yak
  4197 | D:4      | Killed a yak
  4197 | D:4      | Reached skill level 7 in Stealth
  4197 | D:4      | Reached XP level 6. HP: 25/28 MP: 7/12
  4214 | D:4      | Killed a yak
  4214 | D:4      | Reached XP level 7. HP: 29/32 MP: 1/14
  4327 | D:4      | Killed a yak
  4327 | D:4      | Reached skill level 8 in Stealth
  4327 | D:4      | Reached skill level 5 in Hexes
  4430 | D:4      | Found an iron altar of Okawaru.
  4441 | D:4      | Became a worshipper of Warmaster Okawaru
  4613 | D:5      | Entered Level 5 of the Dungeon
  4615 | D:5      | Found a hazy altar of Hepliaklqana.
  4921 | D:5      | Reached skill level 5 in Short Blades
  5153 | D:5      | Found a shattered altar of Ashenzari.
  5153 | D:5      | Found a stormy altar of Qazlal.
  5153 | D:5      | Found a shadowy altar of Dithmenos.
  5327 | D:5      | Reached XP level 8. HP: 36/36 MP: 15/15
  5348 | D:5      | Found a glowing golden altar of the Shining One.
  5352 | D:5      | Found an opulent altar of Gozag.
  5496 | D:6      | Reached * piety under Okawaru
  5514 | D:6      | Found Fucacok's Antique Weapon Shop.
  5583 | D:6      | Reached skill level 5 in Dodging
  5957 | D:6      | Found Ezadi's Magic Scroll Emporium.
  5971 | D:6      | Bought a scroll of identify for 22 gold pieces
  5971 | D:6      | Bought a scroll of identify for 22 gold pieces
  6015 | D:6      | Found Ihauv's Antique Weapon Emporium.
  6021 | D:6      | Bought a polished dagger for 168 gold pieces
  6021 | D:6      | Identified the +8 dagger of Megalomania {holy, rPois} (You
                  | bought it in a shop on level 6 of the Dungeon)
  6400 | D:6      | Reached skill level 5 in Spellcasting
  6405 | D:6      | Reached skill level 9 in Stealth
  6517 | D:6      | Got an ancient dagger
  6518 | D:6      | Identified the cursed +0 dagger "Foruecs" {pierce, Dex+3}
                  | (You found it on level 6 of the Dungeon)
  6532 | D:6      | Found Duiz's Armour Shop.
  6536 | D:6      | Bought a +2 buckler for 181 gold pieces
  6565 | D:6      | Found Canujo's Antique Armour Shop.
  6701 | D:6      | Found a staircase to the Ecumenical Temple.
  6707 | Temple   | Entered the Ecumenical Temple
  6914 | D:7      | Noticed Harold
  7264 | D:7      | Found a burning altar of Makhleb.
  7398 | D:7      | Killed Harold
  7398 | D:7      | Reached ** piety under Okawaru
  7398 | D:7      | Reached *** piety under Okawaru
  7398 | D:7      | Reached skill level 1 in Shields
  7398 | D:7      | Reached XP level 9. HP: 39/39 MP: 13/18
  7750 | D:7      | Found an iron altar of Okawaru.
  7798 | D:7      | Reached skill level 10 in Stealth
  8057 | D:8      | Noticed a two-headed ogre
  8063 | D:8      | Killed a two-headed ogre
  8063 | D:8      | Reached **** piety under Okawaru
  8083 | D:8      | Noticed Erica
  8105 | D:8      | Killed Erica
  8105 | D:8      | Reached skill level 11 in Stealth
  8105 | D:8      | Reached XP level 10. HP: 11/44 MP: 6/20
  8429 | D:6      | Bought an embroidered hat for 196 gold pieces
  8548 | D:8      | Learned a level 4 spell: Fulminant Prism
  8562 | D:8      | Found an ornate altar of the Wu Jian Council.
  9003 | D:8      | Found a hide-covered altar of Uskayaw.
  9016 | D:8      | Found a blossoming altar of Fedhas.
  9480 | D:9      | Found a basalt altar of Yredelemnul.
  9821 | D:9      | Found Anaycs's Jewellery Shop.
 10009 | D:9      | Reached ***** piety under Okawaru
 10099 | D:9      | Found a snail-covered altar of Cheibriados.
 10155 | D:9      | Reached skill level 1 in Armour
 10335 | D:9      | Noticed a two-headed ogre
 10363 | D:9      | Reached skill level 12 in Stealth
 10523 | D:10     | Entered Level 10 of the Dungeon
 10669 | D:9      | Killed a two-headed ogre
 10669 | D:9      | Reached skill level 10 in Dodging
 10899 | D:10     | Noticed a two-headed ogre
 10921 | D:9      | Killed a two-headed ogre
 10998 | D:10     | Noticed a five-headed hydra
 11110 | D:9      | Killed a five-headed hydra
 11110 | D:9      | Reached ****** piety under Okawaru
 11110 | D:9      | Reached skill level 5 in Shields
 11110 | D:9      | Reached XP level 11. HP: 42/47 MP: 15/21
 11245 | D:10     | Received a gift from Okawaru
 11298 | D:10     | Noticed Maurice
 11358 | D:10     | Killed Maurice
 11522 | D:10     | Reached skill level 10 in Short Blades
 11754 | D:10     | Found a staircase to the Orcish Mines.
 11893 | D:10     | Found a runed translucent door.
 11898 | D:10     | Found a basalt altar of Yredelemnul.
 12105 | D:11     | Killed from afar by an orc priest

Levels and vault maps discovered:
D:1:      saegor_arrival_simple_d, layout_basic
D:2:      layout_rooms, nicolae_overflow_hidden_temple, nicolae_ru_awakened_eye
D:3:      layout_rooms
D:4:      layout_loops_corners, lemuel_doored_altar,
          lemuel_coloured_pillars_altar, first_ration
D:5:      layout_rooms, chequers_temple_overflow_statue_of_worship,
          overflow_temple_1_default, grunt_temple_overflow_open
D:6:      layout_basic, minmay_temple_entry_fiery, serial_shops,
          kennysheep_little_box, nicolae_shop_competitors_out_of_business, shop,
          kennysheep_mini, shop_fountains
D:7:      layout_cave_pods, makhleb_blood_cavern_becter, grunt_ogre_cave,
          okawaru_gym_becter, uniq_harold
D:8:      layout_loops_ring, kennysheep_mini_moat, old_standard_altar,
          fedhas_altar_3, uniq_erica
D:9:      layout_loops_cross, lemuel_round_altar, basic_altar, serial_shops,
          shop
D:10:     layout_cave_pools, david_orc_4, dk_yredelemnul_ordeal, uniq_maurice
D:11:     layout_layer_cave, grunt_lair_entry_orc_guard_hut,
          hangedman_weighted_door
Temple:   dpeg_three_leaves_temple

Skill      XL: |  1  2  3  4  5  6  7  8  9 10 11 |
---------------+----------------------------------+-----
Stealth        | 5 6 7 8 9 11 12 | 12.0
Spellcasting   | 3 4 5 6 |  6.0
Short Blades   | 2 3 4 6 7 8 9 10 | 10.0
Hexes          | 4 5 7 |  7.1
Ice Magic      | 1 2 |  2.0
Dodging        | 4 6 8 10 | 10.0
Shields        | 1 3 5 |  5.8
Armour         | 2 3 |  3.2

Action                   |  1- 3 |  4- 6 |  7- 9 | 10-12 || total
-------------------------+-------+-------+-------+-------++-------
Melee: Dagger            |   172 |   133 |   166 |   343 ||   814
Throw: Throwing net      |       |       |     1 |       ||     1
 Cast: Corona            |    20 |     3 |     4 |     2 ||    29
       Ensorcelled Hiber |    12 |    25 |    29 |    47 ||   113
       Tukima's Dance    |       |       |    17 |    12 ||    29
       Confuse           |       |       |    10 |     8 ||    18
  Use: Scroll            |       |     5 |    16 |     7 ||    28
 Stab: Sleeping          |    15 |    19 |    26 |    34 ||    94
       Distracted        |     1 |     1 |       |     1 ||     3
       Confused          |       |       |     8 |     7 ||    15
       Held in net/web   |       |       |     2 |       ||     2
  Eat: Ration            |       |     2 |     3 |     3 ||     8
Armor: Robe              |    21 |     7 |    19 |     6 ||    53
       Troll leather arm |       |       |       |     4 ||     4
Dodge: Dodged            |   146 |   108 |   106 |   158 ||   518
Block: Buckler           |       |       |     3 |    97 ||   100

Table legend:
 A = Non-vault XP
 B = Vault XP
 C = Vault XP percentage of total XP
 D = Non-vault monster count
 E = Vault monster count
 F = Vault count percentage of total count
                 A         B        C        D         E       F
            +---------+---------+-------+---------+---------+-------
      Total |   10727 |    3222 |  23.1 |     204 |      24 |  10.5
            +---------+---------+-------+---------+---------+-------
        D:1 |      54 |       0 |   0.0 |      28 |       0 |   0.0
        D:2 |      63 |       0 |   0.0 |      22 |       0 |   0.0
        D:3 |      71 |       0 |   0.0 |      17 |       0 |   0.0
        D:4 |     839 |       0 |   0.0 |      21 |       0 |   0.0
        D:5 |     612 |       0 |   0.0 |      12 |       0 |   0.0
        D:6 |     536 |       0 |   0.0 |      15 |       0 |   0.0
        D:7 |     266 |    1264 |  82.6 |       8 |       4 |  33.3
        D:8 |    2206 |     820 |  27.1 |      22 |       1 |   4.3
        D:9 |    4642 |       0 |   0.0 |      44 |       0 |   0.0
       D:10 |    1438 |    1138 |  44.2 |      15 |      19 |  55.9
            +---------+---------+-------+---------+---------+-------
